 Dungeon Crawl Stone Soup version 0.30-a0-459-g9104f0fc43 (webtiles) character file.

Game seed: 12827590643644343796

105 M4edhros the Sneak (level 4, 0/31 HPs)
             Began as an Octopode Delver on Dec 15, 2022.
             Was a Plaything of Xom.
             Succumbed to a scorpion's poison
             ... on level 7 of the Dungeon.
             The game lasted 00:02:38 (324 turns).

M4edhros the Sneak (Octopode Delver)                 Turns: 324, Time: 00:02:38

Health: 0/31       AC:  1    Str: 11    XL:     4   Next: 81%
Magic:  4/4        EV: 14    Int: 12    God:    Xom [..*...]
Gold:   54         SH:  0    Dex: 15    Spells: 3/3 levels left

rFire   . . .      SeeInvis .      - Unarmed
rCold   . . .      Faith    .    (no shield)
rNeg    . . .      Spirit   .    (helmet restricted)
rPois   .          Reflect  .    (no amulet)
rElec   .          Harm     .    g - ring of wizardry
rCorr   .          Rampage  .    (no ring)
Will    .....                    (no ring)
Stlth   +++++.....               (no ring)
HPRegen 0.25/turn                (no ring)
MPRegen 0.09/turn                (no ring)
                                 (no ring)
                                 (no ring)

@: lethally poisoned (0 -> -2), hasted, invisible, very quick
A: almost no armour, amphibious, 8 rings, camouflage 1, gelatinous body 1,
(nimble swimmer 1), tentacles, tentacle spike 1, screaming 1
a: Renounce Religion


You were on level 7 of the Dungeon.
You worshipped Xom.
You were a toy of Xom.
You visited 1 branch of the dungeon, and saw 3 of its levels.

You collected 54 gold pieces.

Inventory:

Missiles
 f - 2 poisoned darts (quivered)
Jewellery
 g - a ring of wizardry (left tentacle)
Wands
 e - a wand of digging (3)
Scrolls
 a - a scroll of fog
 b - a scroll of magic mapping
 c - a scroll of fear


   Skills:
 - Level 3.0 Fighting
 * Level 3.3 Dodging
 * Level 7.7 Stealth
 + Level 2.7 Unarmed Combat


You had 3 spell levels left.
You didn't know any spells.
Your spell library was empty.

Dungeon Overview and Level Annotations

Branches:
Dungeon (7/15)
 Temple: D:4-7

Altars:
Elyvilon
Makhleb
Okawaru
Qazlal
Ru
Sif Muna
Vehumet
Wu Jian
Xom

Annotations:
D:6 Pikel


Innate Abilities, Weirdness & Mutations

You cannot wear most types of armour.
You are amphibious.
You can wear up to eight rings at the same time.
Your skin changes colour to match your surroundings (Stealth+).
Your rubbery body absorbs attacks. (AC +1, EV +1)
((You are camouflaged when in or above water. (Stealth+)))
You have tentacles for arms and can constrict up to eight enemies at once.
One of your tentacles bears a spike.
You occasionally shout uncontrollably at your foes.


Message History

The hound is lightly wounded.
You constrict the scorpion. You constrict the hound.
You feel sick. The hound barely misses you. The scorpion barely misses you.
Unknown command.
Unknown command.
You barely miss the hound.
The hound is lightly wounded.
You constrict the scorpion, but do no damage.
You constrict the hound.
You feel sick. The hound bites you.
Unknown command.
It was a potion of mutation.
You feel extremely strange.
You feel the urge to shout.
Xom is amused.
One of your lower tentacles grows a sharp spike.
Xom is highly amused!
You constrict the scorpion.
You constrict the hound, but do no damage.
You feel sick. The scorpion stings you.
* * * LOW HITPOINT WARNING * * *
The hound bites you.
* * * LOW HITPOINT WARNING * * *
As you read the scroll of fear, it crumbles to dust.
You assume a fearsome visage.
The scorpion looks frightened!
The hound looks frightened!
You constrict the scorpion. You constrict the hound.
The hound struggles to escape constriction.
The scorpion escapes!
You release your grip on the hound.
* * * LOW HITPOINT WARNING * * *
You feel sick.
As you read the scroll labelled UFEBO DOIDENNI, it crumbles to dust.
The creatures around you are filled with an inner flame!
It was a scroll of immolation.
* * * LOW HITPOINT WARNING * * *
You feel sick.
As you read the scroll labelled SIKHET TECOARUKH, it crumbles to dust.
It is a scroll of identify.
You don't have any unidentified items.
You die...
Xom titters!

#.........# #.........#
#.........# ###.......#
#.....<.# ###......##
##.h.......#
##########.<#.......#
...####...s.@....##.......#
.....(..############..>..##
#.#....## ##...## #...##.
##### ... ## ##


You could see a scorpion (inner flame, unable to see you, fleeing).

Vanquished Creatures
  2 howler monkeys (D:6)
  2 adders (D:6)
  A shadow imp (D:7)
5 creatures vanquished.

Vanquished Creatures (others)
  4 bushes (D:6)
  A plant (D:6)
5 creatures vanquished.

Grand Total: 10 creatures vanquished

Notes
Turn   | Place    | Note
-------+----------+-------------------------------------------
     0 | D:5      | M4edhros the Octopode Delver began the quest for the Orb.
     0 | D:5      | Reached XP level 1. HP: 16/16 MP: 1/1
    32 | D:6      | Noticed a scorpion
    57 | D:6      | Found a burning altar of Makhleb.
    58 | D:6      | Found a radiant altar of Vehumet.
    62 | D:6      | Noticed a sky beast
    63 | D:6      | Found an iron altar of Okawaru.
    73 | D:6      | Noticed a howler monkey
    84 | D:6      | Noticed a howler monkey
    85 | D:6      | Killed a howler monkey
    85 | D:6      | Noticed a hornet
    86 | D:6      | Reached skill level 7 in Stealth
    86 | D:6      | Reached XP level 2. HP: 21/21 MP: 2/2
    86 | D:6      | Reached XP level 3. HP: 26/26 MP: 3/3
   107 | D:6      | Reached XP level 4. HP: 25/31 MP: 4/4
   147 | D:6      | Found a shimmering altar of Xom.
   150 | D:6      | Became a worshipper of Xom of Chaos
   207 | D:6      | Noticed Pikel
   207 | D:6      | Noticed a lemure
   207 | D:6      | Noticed an ogre
   219 | D:6      | Found a white marble altar of Elyvilon.
   219 | D:6      | Found a sacrificial altar of Ru.
   224 | D:6      | Found an ornate altar of the Wu Jian Council.
   226 | D:6      | Found a shimmering blue altar of Sif Muna.
   227 | D:6      | Found a stormy altar of Qazlal.
   299 | D:7      | Noticed a scorpion
   316 | D:7      | XOM: potion effect (invisibility)
   319 | D:7      | Gained mutation: You occasionally shout uncontrollably at
                  | your foes. [potion of mutation]
   319 | D:7      | Gained mutation: One of your tentacles bears a spike.
                  | [potion of mutation]
   322 | D:7      | HP: 1/31 [poisoned by a scorpion]
   324 | D:7      | Succumbed to a scorpion's poison

Illustrated notes

Levels and vault maps discovered:
D:5:      layout_loops_ring, dancing_weapons_uskayaw,
          minmay_temple_entry_poolview
D:6:      layout_rooms, kennysheep_mini, chequers_temple_overflow_minitemple,
          gammafunk_temple_overflow_forgotten, minmay_hedge_maze, st_stairs_11,
          minmay_misc_feat_roman, due_unseen_surprise, uniq_pikel
D:7:      black_bear_nest_1, layout_rooms

Skill      XL: |  1  2  3 |
---------------+----------+-----
Stealth        | 7 |  7.7
Dodging        | 3 |  3.3
Fighting       | |  3.0
Unarmed Combat | |  2.7

Action                   |  1- 3 |  4- 6 || total
-------------------------+-------+-------++-------
Melee: Unarmed           |     6 |    16 ||    22
       Tentacles         |     5 |     2 ||     7
       Constrict         |     1 |     4 ||     5
       Punch             |       |     3 ||     3
Throw: Dart              |     4 |     1 ||     5
  Use: Scroll            |       |     3 ||     3
       Potion            |       |     2 ||     2
Armor: Skin              |       |     1 ||     1
Dodge: Dodged            |     3 |    12 ||    15

Table legend: (Time is in decaauts)
 A = Elapsed time spent in this place.
 B = Non-inter-level travel time spent in this place.
 C = Inter-level travel time spent in this place.
 D = Time resting spent in this place.
 E = Time spent auto-exploring this place.
 F = Levels seen in this place.
 G = Mean time per level.
                   A        B        C        D        E       F      G
               +--------+--------+--------+--------+--------+-----+--------+
         Total |    319 |    319 |      0 |      0 |      0 |   3 |  106.3 |
       Dungeon |    319 |    319 |      0 |      0 |      0 |   3 |  106.3 |
               +--------+--------+--------+--------+--------+-----+--------+

Top non-repeatable levels by time:
     D:6: 258 daAuts
     D:7: 57 daAuts
     D:5: 3 daAuts
